Map: Aire du défenseur EC

Players

JohnSmith - Winner!

  • Race: Zerg Zerg
  • League: Diamond
  • Spawn Location: 7:00

VOD

Have the link to the VOD?

Description

Time

  • Played on: May 9, 2017, 11:48 a.m.
  • Length: 7:17
Show
View Real Time Build Order
Export as new Build Order

JohnSmith Zerg - Winner!

Build Orders: Hatch First 

Get SALT Encoding   

  12  0:05  Drone  
  12  0:20  Overlord  
  12  0:22  Drone  
  12  0:39  Drone x2  
  12  0:42  Drone  
  12  1:00  Hatchery  
  12  1:01  Drone  
  12  1:07  Extractor, Drone  
  12  1:21  Spawning Pool  
  12  1:25  Drone  
  12  1:29  Drone  
  12  1:42  Drone  
  12  1:59  Hatchery  
  12  2:09  Queen  
  12  2:20  Queen  
  12  2:28  Metabolic Boost  
  12  2:33  Zergling x2  
  12  2:37  Drone  
  12  2:39  Drone  
  12  2:43  Drone  
  12  2:59  Queen  
  12  3:01  Overlord  
  12  3:15  Drone x4  
  12  3:16  Drone  
  12  3:25  Queen  
  12  3:35  Overlord  
  12  3:43  Roach Warren  
  12  3:46  Evolution Chamber  
  12  3:47  Drone x2  
  12  3:53  Spore Crawler  
  12  3:59  Spore Crawler  
  12  4:02  Drone x2  
  12  4:10  Drone  
  12  4:11  Drone x2  
  12  4:17  Zerg Ground Armor Level 1  
  12  4:35  Roach x2, Zergling x2  
  12  4:42  Lair  
  12  4:46  Roach x2  
  12  4:48  Zergling x2  
  12  4:50  Overlord x2  
  12  4:59  Extractor  
  12  5:01  Extractor  
  12  5:05  Drone x4  
  12  5:09  Overlord  
  12  5:10  Overlord  
  12  5:18  Drone x4  
  12  5:27  Drone x3  
  12  5:32  Drone  
  12  5:33  Drone x2  
  12  5:45  Glial Reconstitution  
  12  5:47  Roach x3  
  12  5:56  Roach x4  
  12  6:06  Roach x3  
  12  6:19  Ravager x2  
  12  6:24  Overlord x3  
  12  6:37  Overlord x2  
  12  6:41  Overseer  
  12  6:46  Ravager  
  12  6:47  Ravager x2  
  12  6:50  Zergling x4  
  12  6:51  Zergling x14  
  12  6:52  Zergling x10  
  12  6:53  Zergling x2  
Tags
 
Add a new tag
Caveats
  • Supply blocks, unpowered buildings, or Contaminate may cause inaccurate times.
  • Supply counts are checked every 10 seconds.